 Dungeon Crawl Stone Soup version 0.28-a0-1510-gd0f6b136d3 (webtiles) character file.

Game seed: 2861803986795323192

964 psuckher the Cudgeller (level 8, -1/51 HPs)
             Began as a Gargoyle Monk on Jan 14, 2022.
             Was a High Priest of Jiyva (penitent).
             Slain by a necrophage (3 damage)
             ... on level 6 of the Dungeon.
             The game lasted 00:21:28 (3551 turns).

psuckher the Cudgeller (Gargoyle Monk)              Turns: 3551, Time: 00:21:28

Health: -1/51      AC:  7    Str: 16    XL:     8   Next: 15%
Magic:  8/8        EV: 13    Int: 14    God:    Jiyva [*]
Gold:   39         SH:  0    Dex: 12    Spells: 7/7 levels left

rFire   . . .      SeeInvis .   a - +0 mace
rCold   . . .      Faith    .   (no shield)
rNeg    + . .      Spirit   .   b - +0 robe
rPois   ∞          Reflect  .   (no helmet)
rElec   +          Harm     .   (no cloak)
rCorr   .          Rampage  .   (no gloves)
Will    .....                   (no boots)
Stlth   +.........              (no amulet)
HPRegen 0.17/turn               (no ring)
MPRegen 0.11/turn               (no ring)

@: confused, brilliant
A: sickness immunity, AC +5, negative energy resistance 1, electricity
resistance, torment resistance 1, petrification resistance, talons 1, clever 1,
eyeballs 2
a: Renounce Religion


You were on level 6 of the Dungeon.
You worshipped Jiyva.
Jiyva was demanding penance.
You visited 1 branch of the dungeon, and saw 6 of its levels.

You collected 39 gold pieces.

Inventory:

Hand Weapons
 a - a +0 mace (weapon)
Armour
 b - a +0 robe (worn)
 c - a +0 cloak
 g - a +0 barding
Jewellery
 e - a ring of positive energy
Scrolls
 h - a scroll of identify {unknown}
Potions
 d - a potion of brilliance


   Skills:
 + Level 5.8 Fighting
 + Level 6.7 Maces & Flails
 + Level 4.3 Dodging
 + Level 4.0 Stealth


You had 7 spell levels left.
You didn't know any spells.
Your spell library was empty.

Dungeon Overview and Level Annotations

Branches:
Dungeon (6/15)
 Temple: D:4-7

Altars:
Ashenzari
Beogh
Jiyva

Shops:
D:2 (


Innate Abilities, Weirdness & Mutations

You are immune to sickness and miasma.
Your stone body is resilient. (AC +5)
You are immune to poison.
You resist negative energy. (rN+)
You are resistant to electric shocks. (rElec)
You are resistant to unholy torment.
You are immune to petrification.
You have sharp toenails.
Your mind is acute. (Int +2)
Your body has grown many eyes which may confuse attackers. (Acc +5)


Message History

The water moccasin bites you but does no damage.
You barely miss the necrophage.
The necrophage is moderately damaged.
The orc wizard mumbles some strange words.
The orc wizard flickers and vanishes for a moment.
The water moccasin bites you but does no damage.
You hear a distant slurping noise.
The water moccasin bites you.
The orc wizard hits you with a +0 dagger.
* * * LOW HITPOINT WARNING * * *
Things that are here:
a +0 club; an orc corpse The orc wizard points at you and mumbles some strange words.
You are more confused.
The water moccasin barely misses you.
You hear a distant slurping noise.
Okay, then.
You hit the orc wizard.
The orc wizard is lightly wounded.
The water moccasin barely misses you.
The necrophage barely misses the orc wizard.
The orc wizard barely misses you.
You barely miss the orc wizard.
The orc wizard is lightly wounded.
The necrophage seems less confused.
The water moccasin bites you.
* * * LOW HITPOINT WARNING * * *
The orc wizard barely misses you.
You hear a distant slurping noise.
The water moccasin bites you!
* * * LOW HITPOINT WARNING * * *
It was a potion of brilliance.
You feel clever all of a sudden. The necrophage misses you.
The orc wizard completely misses you. The water moccasin misses you.
It was a potion of mutation.
You feel extremely strange.
You stop exuding ooze.
The eyeballs on your body recede somewhat.
You no longer feel heat resistant.
Your toenails lengthen and sharpen.
The water moccasin closely misses you. The necrophage hits you.
You die...

♣♣♣♣♣ ♣♣≈.≈♣♣
♣♣≈...≈♣♣ #
≈.♣♣≈.....≈♣♣.≈≈
.......{n)....$≈
≈.♣♣≈..@S.≈♣♣.≈≈
♣♣≈...≈♣♣
♣♣≈.≈♣♣ ♣♣♣♣♣


You could see a water moccasin and a necrophage.

Vanquished Creatures
  An orc warrior (D:6)
  A sky beast (D:5)
  A phantom (D:5)
  A water moccasin zombie (D:5)
  The ghost of siradein the Insei, a weakling DjTm (D:3)
  2 hounds
  An orc priest (D:3)
  An iguana (D:5)
  A scorpion zombie (D:5)
  3 adders
  A worm (D:2)
  A dart slug (D:3)
  16 orcs
  3 bats (D:1)
  4 giant cockroaches (D:1)
  4 goblins
  3 hobgoblins
  6 kobolds
  2 quokkas
  2 ball pythons
  A frilled lizard (D:2)
  A bush (D:4)
57 creatures vanquished.

Vanquished Creatures (collateral kills)
  The ghost of Dittersdorf the Shield-Bearer, a novice GrFi (D:5)
  An orc warrior (D:5)
  An ogre (D:4)
  An orc priest (D:5)
  An orc (D:5)
5 creatures vanquished.

Vanquished Creatures (others)
  An ogre (D:5)
  A water moccasin zombie (D:5)
  10 jellies
  2 hounds
  A gnoll shaman (D:4)
  An iguana (D:5)
  A hound zombie (D:5)
  A gnoll (D:4)
  4 adders
  4 worms
  3 endoplasms
  8 orcs
  2 giant cockroaches (D:4)
  3 goblins
  9 hobgoblins
  6 ball pythons
  A frilled lizard (D:2)
  3 kobolds (D:4)
  18 plants
  13 withered plants (D:1)
92 creatures vanquished.

Grand Total: 154 creatures vanquished

Notes
Turn   | Place    | Note
-------+----------+-------------------------------------------
     0 | D:1      | psuckher the Gargoyle Monk began the quest for the Orb.
     0 | D:1      | Reached XP level 1. HP: 14/14 MP: 1/1
    76 | D:1      | Found a faded altar of an unknown god.
    98 | D:1      | Reached XP level 2. HP: 17/20 MP: 2/2
   100 | D:1      | Prayed at the altar of an unknown god.
   100 | D:1      | Became a worshipper of Jiyva Juarch the Shapeless
   100 | D:1      | Reached * piety under Jiyva
   100 | D:1      | Reached ** piety under Jiyva
   415 | D:1      | Reached *** piety under Jiyva
   419 | D:1      | Gained mutation: Your mind is acute. (Int +2) [Jiyva's
                  | grace]
   419 | D:1      | Gained mutation: Your mind is very acute. (Int +4) [Jiyva's
                  | grace]
   419 | D:1      | Gained mutation: Your flesh is heat resistant. (rF+)
                  | [Jiyva's grace]
   419 | D:1      | Gained mutation: Your flesh is very heat resistant. (rF++)
                  | [Jiyva's grace]
  1329 | D:2      | Reached XP level 3. HP: 16/24 MP: 3/3
  1380 | D:2      | Found Vuhakoack's Weapon Shop.
  1427 | D:2      | Reached **** piety under Jiyva
  1731 | D:3      | Reached XP level 4. HP: 12/29 MP: 4/4
  2129 | D:3      | Found a runed translucent gate.
  2129 | D:3      | Found a runed translucent gate.
  2129 | D:3      | Found a runed translucent gate.
  2133 | D:3      | Noticed siradein's ghost (weakling DjTm)
  2149 | D:3      | Killed siradein's ghost
  2150 | D:3      | Reached skill level 4 in Maces & Flails
  2150 | D:3      | Reached XP level 5. HP: 33/34 MP: 5/5
  2579 | D:4      | Lost mutation: Your mind is very acute. (Int +4) [Jiyva's
                  | grace]
  2579 | D:4      | Lost mutation: Your flesh is very heat resistant. (rF++)
                  | [Jiyva's grace]
  2579 | D:4      | Gained mutation: Your melee attacks may engulf your foes in
                  | ooze. [Jiyva's grace]
  2579 | D:4      | Gained mutation: Your body has grown eyes which may confuse
                  | attackers. (Acc +3) [Jiyva's grace]
  2579 | D:4      | Gained mutation: Your body has grown many eyes which may
                  | confuse attackers. (Acc +5) [Jiyva's grace]
  2579 | D:4      | Gained mutation: Your body is covered in eyes which may
                  | confuse attackers. (Acc +7, SInv) [Jiyva's grace]
  2590 | D:4      | Reached ***** piety under Jiyva
  2674 | D:4      | Noticed an ogre
  2684 | D:4      | Killed an ogre
  2848 | D:4      | Found a broken altar of Ashenzari.
  2923 | D:5      | Entered Level 5 of the Dungeon
  2979 | D:5      | Noticed a phantom
  2986 | D:5      | Reached XP level 6. HP: 39/39 MP: 6/6
  3019 | D:5      | Found a runed translucent gate.
  3019 | D:5      | Found a runed translucent gate.
  3021 | D:5      | Identified the +0 chain mail "Lavvoesu" {rF++ Will+ Str-5
                  | Stlth+}
  3021 | D:5      | Noticed an orc warrior
  3023 | D:5      | Found a runed translucent gate.
  3023 | D:5      | Noticed Dittersdorf's ghost (novice GrFi)
  3023 | D:5      | Identified the +9 dagger "Etegule" {vorpal, Will+ Int+6
                  | Dex+2}
  3023 | D:5      | Identified the +1 ring mail "Corylos" {rF- rCorr Str+9}
  3044 | D:5      | Reached skill level 5 in Maces & Flails
  3044 | D:5      | Killed Dittersdorf's ghost
  3045 | D:5      | Reached skill level 5 in Fighting
  3045 | D:5      | Reached XP level 7. HP: 34/44 MP: 5/7
  3051 | D:5      | Reached skill level 6 in Maces & Flails
  3275 | D:5      | Reached XP level 8. HP: 49/51 MP: 8/8
  3543 | D:6      | Was placed under penance by Jiyva
  3549 | D:6      | HP: 2/51 [water moccasin (7)]
  3551 | D:6      | Lost mutation: Your melee attacks may engulf your foes in
                  | ooze. [potion of mutation]
  3551 | D:6      | Lost mutation: Your body is covered in eyes which may
                  | confuse attackers. (Acc +7, SInv) [potion of mutation]
  3551 | D:6      | Lost mutation: Your flesh is heat resistant. (rF+) [potion
                  | of mutation]
  3551 | D:6      | Gained mutation: You have sharp toenails. [potion of
                  | mutation]
  3551 | D:6      | Slain by a necrophage

Illustrated notes

Levels and vault maps discovered:
D:1:      dpeg_arrival_tiny_a, layout_loops_ring,
          shapermc_ecumenical_altar_flowoftime, minmay_worlds_worst_comb
D:2:      layout_rooms, serial_shops, shop, grunt_decor_mini_mirrors
D:3:      layout_rooms, ebering_ghost_rock_garden, kennysheep_flooded_box
D:4:      minmay_opposing_rooms, layout_cave_pods, amcnicky_altar_gilded,
          serial_park, serial_park_square3 [serial_park_minivault_5x5_3],
          serial_park_tiny_pond, serial_park_square1
          [serial_park_minivault_5x5_5], serial_park_gazebo
          [serial_park_minivault_5x5_5]
D:5:      layout_cave_pools, biasface_ghost_orc_armoury
D:6:      layout_cave_pods, minmay_temple_entry_from_below_a, serial_shops,
          nicolae_stop_n_shop_2, kennysheep_diamond, st_stairs_10

Skill      XL: |  1  2  3  4  5  6  7  8 |
---------------+-------------------------+-----
Fighting       | 4 5 |  5.8
Maces & Flails | 4 5 6 |  6.7
Dodging        | 3 4 |  4.3
Stealth        | 3 4 |  4.0

Action                   |  1- 3 |  4- 6 |  7- 9 || total
-------------------------+-------+-------+-------++-------
Melee: Mace              |   159 |   206 |    48 ||   413
       Punch             |     1 |     4 |     2 ||     7
Invok: Oozemancy         |     1 |     1 |       ||     2
  Use: Scroll            |       |     1 |       ||     1
       Potion            |       |       |     2 ||     2
 Stab: Sleeping          |     1 |     1 |     1 ||     3
       Confused          |       |       |     1 ||     1
Armor: Robe              |    23 |    26 |    12 ||    61
Dodge: Dodged            |    65 |    70 |    42 ||   177

Table legend: (Time is in decaauts)
 A = Elapsed time spent in this place.
 B = Non-inter-level travel time spent in this place.
 C = Inter-level travel time spent in this place.
 D = Time resting spent in this place.
 E = Time spent auto-exploring this place.
 F = Levels seen in this place.
 G = Mean time per level.
                   A        B        C        D        E       F      G
               +--------+--------+--------+--------+--------+-----+--------+
         Total |   3631 |   3074 |    557 |      0 |      0 |   6 |  605.2 |
       Dungeon |   3631 |   3074 |    557 |      0 |      0 |   6 |  605.2 |
               +--------+--------+--------+--------+--------+-----+--------+

Top non-repeatable levels by time:
     D:1: 1112 daAuts
     D:4: 735 daAuts
     D:5: 619 daAuts
     D:2: 611 daAuts
     D:3: 536 daAuts
     D:6: 15 daAuts
